 Dungeon Crawl Stone Soup version 0.22-a0-136-g83a10e5898 (webtiles) character file.

527 MrRokkomies the Slasher (level 7, -2/58 HPs)
             Began as a Human Berserker on Feb 4, 2018.
             Was a Believer of Trog.
             Killed by divine providence
             ... invoked by an orc priest
              (16 damage)
             ... on level 4 of the Dungeon.
             The game lasted 00:13:25 (3626 turns).

MrRokkomies the Slasher (Human Berserker)           Turns: 3626, Time: 00:13:26

Health: -2/58      AC: 13    Str: 19    XL:     7   Next: 47%
Magic:  7/7        EV:  8    Int:  8    God:    Trog [**....]
Gold:   163        SH:  0    Dex: 14    Spells: 6/6 levels left

rFire    . . .     SeeInvis .   a - +1 falchion
rCold    . . .     Gourm    .   (no shield)
rNeg     . . .     Faith    .   e - +0 chain mail
rPois    .         Spirit   .   p - +2 helmet
rElec    .         Reflect  .   q - +1 cloak
rCorr    .         Harm     .   (no gloves)
MR       .....                  (no boots)
Stlth    ..........             (no amulet)
HPRegen  0.19/turn              g - +2 ring of dexterity
MPRegen  0.10/turn              (no ring)

@: slowed, very slow
A: no striking features
a: Berserk, Trog's Hand, Burn Spellbooks, Renounce Religion


You were on level 4 of the Dungeon.
You worshipped Trog.
Trog was pleased with you.
You were hungry.

You visited 1 branch of the dungeon, and saw 4 of its levels.

You collected 163 gold pieces.

Inventory:

Hand Weapons
 a - a +1 falchion (weapon)
Missiles
 k - 3 javelins (quivered)
 n - 66 sling bullets
 o - 9 bolts
 r - 13 poisoned needles
Armour
 e - a +0 chain mail (worn)
 p - a +2 helmet (worn)
 q - a +1 cloak (worn)
Jewellery
 g - a +2 ring of dexterity (left hand)
Scrolls
 b - a scroll of noise {unknown}
 f - 2 scrolls of remove curse
 h - 3 scrolls of teleportation
 i - 4 scrolls of fear
 s - a scroll of identify
Potions
 d - a potion of might
 j - 2 potions of curing
 l - a potion of agility
 m - a potion of lignification {unknown}
Comestibles
 c - 8 rations


   Skills:
 * Level 6.0 Fighting
 * Level 6.0 Long Blades
 - Level 2.0 Armour
 - Level 2.0 Dodging


You had 6 spell levels left.
You didn't know any spells.

Dungeon Overview and Level Annotations

Branches:
Dungeon (4/15)             Temple (0/1) D:4

Altars:
Cheibriados
Makhleb
Sif Muna
Yredelemnul

Annotations:
D:4 exclusion: oklob sapling


Message History

You closely miss the orc priest.
The orc priest is moderately wounded.
The orc priest casts a cantrip, but nothing happens.
The orc priest barely misses you.
You closely miss the orc priest.
The orc priest is moderately wounded.
The orc priest casts a cantrip, but nothing happens.
You hit the orc priest.
The orc priest is heavily wounded.
The orc priest hits you. x2
You hit the orc priest.
The orc priest is severely wounded.
The orc priest invokes the aid of Beogh against you.
Pain shoots through your body!
* * * LOW HITPOINT WARNING * * *
You hit the orc priest.
The orc priest is almost dead.
The orc priest mumbles some strange prayers to Beogh against you.
Beogh smites you!
You die...

# ##### #.... ##....
#..... #.....
################.....
#.oo@...............#
#.#####.########.####
#..# #..... #.#.#
###### ##..# # #.# #
..# ### # #


You could see an orc priest and an orc.

Vanquished Creatures
  An ice beast (D:4)
  An ogre (D:4)
  A howler monkey (D:4)
  A crimson imp (D:2)
  An orc wizard (D:4)
  An orc priest (D:4)
  2 worker ants (D:4)
  4 gnolls
  4 adders (D:2)
  An ooze (D:1)
  A worm (D:3)
  5 dart slugs
  4 leopard geckos
  8 orcs
  6 giant cockroaches
  7 goblins
  6 hobgoblins
  2 jackals (D:1)
  3 quokkas
  7 bats
  A frilled lizard (D:4)
  A jackal zombie (D:2)
  9 kobolds
  4 rats
81 creatures vanquished.

Notes
Turn   | Place    | Note
-------+----------+-------------------------------------------
     0 | D:1      | MrRokkomies the Human Berserker began the quest for the Orb.
     0 | D:1      | Reached XP level 1. HP: 18/18 MP: 1/1
    99 | D:1      | Reached XP level 2. HP: 24/24 MP: 2/2
   339 | D:1      | Reached XP level 3. HP: 29/29 MP: 3/3
  1098 | D:2      | Reached XP level 4. HP: 28/37 MP: 4/4
  1210 | D:2      | Found a runed door.
  1210 | D:2      | Noticed a human
  1211 | D:2      | Found a basalt altar of Yredelemnul.
  1226 | D:2      | Reached ** piety under Trog
  1698 | D:2      | Found a burning altar of Makhleb.
  1824 | D:2      | Reached XP level 5. HP: 42/42 MP: 5/5
  2960 | D:4      | Reached XP level 6. HP: 33/50 MP: 6/6
  2964 | D:4      | Reached skill level 5 in Long Blades
  2977 | D:4      | Reached skill level 5 in Fighting
  3154 | D:4      | Found a snail-covered altar of Cheibriados.
  3154 | D:4      | Noticed an ogre
  3163 | D:4      | Killed an ogre
  3169 | D:4      | Found a staircase to the Ecumenical Temple.
  3180 | D:4      | Reached XP level 7. HP: 34/56 MP: 7/7
  3250 | D:4      | Found a snail-covered altar of Cheibriados.
  3337 | D:4      | Found a deep blue altar of Sif Muna.
  3626 | D:4      | Killed from afar by an orc priest

Vault maps used:
D:1:      lightli_iron_boxes, minmay_surrounded
D:2:      makhleb_grotto_becter, first_ration, dk_yredelemnul_ordeal
D:4:      led_sif_book, lemuel_crystal_altar, minmay_temple_entry_oklob,
          kennysheep_slug_shrine

Skill      XL: |  1  2  3  4  5  6  7 |
---------------+----------------------+-----
Fighting       | 4 5 6 |  6.0
Long Blades    | 4 5 6 |  6.0
Armour         | |  2.0
Dodging        | |  2.0

Action                   |  1- 3 |  4- 6 |  7- 9 || total
-------------------------+-------+-------+-------++-------
Melee: Falchion          |    96 |   248 |    50 ||   394
Invok: Berserk           |       |     2 |       ||     2
  Use: Scroll            |       |    10 |       ||    10
       Potion            |       |     1 |       ||     1
 Stab: Sleeping          |     1 |       |       ||     1
  Eat: Chunk             |       |     6 |     1 ||     7
       Ration            |       |     1 |       ||     1
Armor: Animal skin       |     5 |       |       ||     5
       Chain mail        |    42 |   149 |    33 ||   224
Dodge: Dodged            |    54 |   127 |    17 ||   198
       Rpst.: Falchion   |    16 |    42 |     6 ||    64

Table legend:
 A = Spawn XP
 B = Non-spawn XP
 C = Spawn XP percentage of total XP
 D = Spawn monster count
 E = Non-spawn monster count
 F = Spawn count percentage of total count
 G = Total turns spent on level
                    A         B        C        D         E        F      G
               +---------+---------+-------+---------+---------+-------+---------
         Total |       0 |     753 |   0.0 |       0 |      81 |   0.0 |  3626
               +---------+---------+-------+---------+---------+-------+---------
           D:1 |       0 |      55 |   0.0 |       0 |      26 |   0.0 |  1052
           D:2 |       0 |     175 |   0.0 |       0 |      24 |   0.0 |  1157
           D:3 |       0 |      28 |   0.0 |       0 |      12 |   0.0 |   731
           D:4 |       0 |     495 |   0.0 |       0 |      19 |   0.0 |   686
               +---------+---------+-------+---------+---------+-------+---------
